 Dungeon Crawl Stone Soup version 0.29.1-1-gd02db6906a (webtiles) character file.

Game seed: 4241203560043390965

312 vvl the Stinger (level 6, -2/44 HPs)
             Began as a Demonspawn Venom Mage on Sept 16, 2022.
             Slain by a gnoll
             ... wielding a +2 spear of freezing
             ... led by a gnoll bouda
              (6 damage)
             ... on level 4 of the Dungeon.
             The game lasted 00:06:56 (4986 turns).

vvl the Stinger (Demonspawn Venom Mage)             Turns: 4986, Time: 00:06:57

Health: -2/44      AC:  5    Str: 11    XL:     6   Next: 18%
Magic:  9/10       EV: 11    Int: 16    God:
Gold:   108        SH:  0    Dex: 13    Spells: 9/10 levels left

rFire   . . .      SeeInvis .   n - +3 quarterstaff (chaos)
rCold   . . .      Faith    .   (shield currently unavailable)
rNeg    . . .      Spirit   .   m - +0 ring mail
rPois   +          Reflect  .   (no helmet)
rElec   .          Harm     .   o - scarf {repulsion}
rCorr   .          Rampage  .   (no gloves)
Will    .....                   (no boots)
Stlth   +.........              (no amulet)
HPRegen 0.14/turn               d - ring of poison resistance
MPRegen 0.12/turn               (no ring)

@: repel missiles
A: hooves 1, powered by death 1, weakness stinger 2
a: no special abilities


You were on level 4 of the Dungeon.
You visited 1 branch of the dungeon, and saw 4 of its levels.

You collected 108 gold pieces.

Inventory:

Hand Weapons
 f - a +0 dagger of protection
 n - a +3 quarterstaff of chaos (weapon)
Armour
 l - a +0 cloak
 m - a +0 ring mail (worn)
 o - a scarf of repulsion (worn)
Magical Staves
 i - a staff of earth
Jewellery
 d - a ring of poison resistance (left hand)
 s - a +4 ring of protection
Wands
 a - a wand of paralysis (4)
 h - a wand of mindburst (17)
 p - a wand of digging (5)
 t - a wand of roots (11)
Scrolls
 c - a scroll of amnesia {unknown}
 e - a scroll of fear {unknown}
 g - 2 scrolls of enchant weapon {unknown}
 k - 2 scrolls of identify {unknown}
 q - a scroll of teleportation {unknown}
Potions
 b - a potion of magic
 j - 2 potions of curing {unknown}
 r - 2 potions of flight {unknown}
 u - a potion of ambrosia {unknown}


   Skills:
 + Level 1.8 Fighting
 + Level 1.6 Armour
 + Level 2.6 Dodging
 - Level 2.0 Stealth
 + Level 2.8 Spellcasting
 + Level 1.7 Conjurations
 + Level 2.0 Necromancy
 + Level 2.1 Transmutations
 + Level 3.6 Poison Magic


You had 9 spell levels left.
You knew the following spells:

 Your Spells              Type           Power      Damage    Failure   Level
a - Sting                 Tmut/Pois      44%        1d5       14%         1

Your spell library contained the following spells:

 Spells                   Type           Power      Damage    Failure   Level
 Magic Dart               Conj           28%        1d4       22%         1
 Poisonous Vapours        Pois/Air       16%        N/A       32%         2
 Mephitic Cloud           Conj/Pois/Air  7%         N/A       54%         3
 Blink                    Tloc           4%         N/A       56%         2
 Call Imp                 Summ           2%         N/A       56%         2
 Olgreb's Toxic Radiance  Pois           13%        N/A       71%         4
 Lesser Beckoning         Tloc           2%         N/A       80%         3
 Manifold Assault         Tloc           2%         N/A       100%        5


Dungeon Overview and Level Annotations

Branches:
Dungeon (4/15)
 Temple: D:4-7

Altars:
Cheibriados
Kikubaaqudgha


Innate Abilities, Weirdness & Mutations

You have large cloven feet.
You regenerate a little health from kills.
You have a tail ending in a sharp stinger.


Message History

A gnoll comes into view. It is wielding a +0 club.
The sting hits the gnoll.
The gnoll is poisoned.
The gnoll is lightly wounded.
The gnoll shouts!
The gnoll bouda barks out a call to the hunt!
The gnolls pick up the pace!
The gnoll hits you with a +0 flail.
The sting hits the gnoll.
The gnoll looks even sicker.
The gnoll is moderately wounded.
The gnoll hits you from afar with a +2 spear of freezing.
The gnoll freezes you. The gnoll hits you with a +0 flail.
You closely miss the gnoll. You kick the gnoll, but do no damage.
The gnoll is heavily wounded.
The gnoll hits you but does no damage. The gnoll hits you with a +0 flail.
You sock the gnoll! You freeze the gnoll.
You kill the gnoll!
The gnoll misses you. The gnoll bouda closely misses you.
The gnoll hits you but does no damage.
The gnoll hits you from afar with a +2 spear of freezing.
The gnoll freezes you.
You hit the gnoll bouda but do no damage.
The gnoll bouda is poisoned.
Your kick misses the gnoll bouda. You tail-slap the gnoll bouda.
The gnoll bouda is moderately wounded.
The gnoll bouda hits you with a +0 club.
The gnoll closely misses you. x2
The gnoll bouda hits you with a +0 club.
The gnoll barely misses you. The gnoll attacks as you move away!
The gnoll hits you with a +0 club. The gnoll attacks as you move away!
The gnoll closely misses you.
You sock the gnoll! You tail-slap the gnoll.
The gnoll is almost dead.
The gnoll hits you from afar with a +2 spear of freezing.
* * * LOW HITPOINT WARNING * * *
The gnoll freezes you.
* * * LOW HITPOINT WARNING * * *
The gnoll hits you with a +0 club.
* * * LOW HITPOINT WARNING * * *
The gnoll hits you from afar with a +2 spear of freezing.
You die...

≈.........# ..# #..$......
≈.#######.# #..##..........
≈..>#####.# #..#..#........
≈.#.....#.###....##........
..#.###.#..##..# #........
..#.# #..#.....## #.)......
P.#.# ##.)......###........
P.#.. ####..#..g#g........
P.##.# #.....@gg........
P.# .## #......#.........
..##..# #(......##......###
......#........####..##...
_..............# #.## ...#
..###...#..#.... #.. ###
..# ..........# >.# P.#
...#.#.....# ##
P.###..#.#.#.....


You could see a gnoll bouda (poisoned) and 3 gnolls.

Vanquished Creatures
  A scorpion (D:4)
  Crazy Yiuf (D:2)
  An orc priest (D:3)
  Natasha (D:4)
  6 adders
  A gnoll (D:4)
  A worm (D:3)
  6 dart slugs
  5 orcs
  11 bats
  10 endoplasms
  3 giant cockroaches
  9 goblins
  6 hobgoblins
  6 quokkas
  9 ball pythons
  3 frilled lizards
  3 kobolds
  3 rats
86 creatures vanquished.

Vanquished Creatures (others)
  A plant (D:2)
1 creature vanquished.

Grand Total: 87 creatures vanquished

Notes
Turn   | Place    | Note
-------+----------+-------------------------------------------
     0 | D:1      | vvl the Demonspawn Venom Mage began the quest for the Orb.
     0 | D:1      | Reached XP level 1. HP: 13/13 MP: 3/3
   113 | D:1      | Reached skill level 1 in Transmutations
   373 | D:1      | Gained mutation: You regenerate a little health from kills.
                  | [demonic ancestry]
   373 | D:1      | Reached XP level 2. HP: 18/19 MP: 0/5
  1733 | D:2      | Reached XP level 3. HP: 14/25 MP: 1/6
  2039 | D:2      | Reached skill level 1 in Fighting
  2398 | D:2      | Reached skill level 1 in Necromancy
  2485 | D:2      | Reached skill level 1 in Armour
  2626 | D:2      | Discovered your monstrous ancestry.
  2626 | D:2      | Gained mutation: You have a small tail. [demonic ancestry]
  2626 | D:2      | Reached XP level 4. HP: 28/32 MP: 2/7
  2792 | D:2      | Found a runed translucent door.
  2793 | D:2      | Noticed Crazy Yiuf
  2923 | D:2      | Killed Crazy Yiuf
  3137 | D:2      | Reached skill level 1 in Conjurations
  3799 | D:3      | Gained mutation: You have a tail ending in a sharp stinger.
                  | [demonic ancestry]
  3799 | D:3      | Reached XP level 5. HP: 36/37 MP: 3/8
  4256 | D:3      | Found a snail-covered altar of Cheibriados.
  4605 | D:3      | Found a faded altar of an unknown god.
  4708 | D:4      | Gained mutation: You have large cloven feet. [demonic
                  | ancestry]
  4708 | D:4      | Reached XP level 6. HP: 43/44 MP: 2/10
  4776 | D:4      | Found an ancient bone altar of Kikubaaqudgha.
  4855 | D:4      | Noticed Natasha
  4864 | D:4      | Killed Natasha
  4986 | D:4      | Slain by a gnoll

Illustrated notes

Levels and vault maps discovered:
D:1:      dpeg_arrival_houses_and_road, layout_basic
D:2:      cheibrodos_old_hovel, layout_basic, serial_park_tiny_1,
          minmay_indecisive_spiral, uniq_crazy_yiuf_cottage
D:3:      layout_loops_ring, mainiacjoe_overflow_paths,
          hellmonk_ecumenical_altar_pennies_from_heaven
D:4:      layout_rooms, mainiacjoe_overflow_boulevard,
          mainiacjoe_overflow_chevrons, minmay_temple_entry_grid, uniq_natasha

Skill      XL: |  1  2  3  4  5  6 |
---------------+-------------------+-----
Transmutations | 1 2 |  2.1
Stealth        | 2 |  2.0
Dodging        | 2 |  2.6
Fighting       | 1 |  1.8
Necromancy     | 1 2 |  2.0
Armour         | 1 |  1.6
Conjurations   | 1 |  1.7
Spellcasting   | |  2.8
Poison Magic   | |  3.6

Action                   |  1- 3 |  4- 6 || total
-------------------------+-------+-------++-------
Melee: Unarmed           |    32 |       ||    32
       Dagger            |    57 |    18 ||    75
       Punch             |     1 |       ||     1
       Quarterstaff      |       |    79 ||    79
       Tailslap          |       |    11 ||    11
       Kick              |       |     2 ||     2
 Cast: Sting             |    74 |    35 ||   109
Armor: Robe              |    43 |       ||    43
       Ring mail         |     2 |    49 ||    51
Dodge: Dodged            |    95 |    77 ||   172
